Map: Divergence LE

Players

Cthulhu

  • Race: Terran Terran
  • Spawn Location: 5:00

Throwfordays

  • Race: Protoss Protoss
  • League: Silver
  • Spawn Location: 5:00

Nystagmus - Winner!

  • Race: Zerg Zerg
  • Spawn Location: 11:00

SonOfMorning - Winner!

  • Race: Zerg Zerg
  • League: Gold
  • Spawn Location: 11:00

VOD

Have the link to the VOD?

Description

Time

  • Played on: July 19, 2020, 8:04 p.m.
  • Length: 9:49
Show
View Real Time Build Order
Export as new Build Order

Cthulhu Terran 

Build Orders: 2 Factory, Reaper Expand 

Get SALT Encoding   

  12  0:04  SCV  
  13  0:16  SCV  
  14  0:25  Supply Depot  
  14  0:30  SCV  
  15  0:51  Barracks  
  15  0:53  SCV  
  16  1:09  Refinery  
  16  1:13  SCV  
  16  1:15  Refinery  
  17  1:32  SCV  
  18  1:40  Command Center  
  18  1:44  Supply Depot  
  18  1:52  Orbital Command  
  18  2:05  Reaper  
  19  2:21  Factory  
  19  2:22  SCV  
  21  2:37  Reaper  
  21  2:40  SCV  
  22  3:09  Reaper  
  23  3:17  SCV  
  23  3:19  Hellion  
  25  3:24  Factory  
  25  3:39  SCV  
  26  3:42  Widow Mine  
  26  3:47  Reaper  
  29  3:52  Orbital Command  
  29  3:56  SCV  
  32  4:10  Widow Mine x2  
  32  4:16  Barracks  
  34  4:48  SCV x2  
  34  4:49  Reaper  
  34  4:50  Widow Mine x2  
  41  5:04  Factory  
  41  5:05  Armory  
  41  5:07  Engineering Bay  
  34  5:58  Reaper, SCV x2  
  34  5:59  Reaper  
  34  6:00  Widow Mine x2  
  41  6:21  SCV  
  41  6:22  SCV  
  41  6:23  Widow Mine x2  
  45  6:35  Barracks Reactor, Factory Reactor  
  36  7:09  Widow Mine x2  
  39  7:20  Widow Mine x2  
  46  7:22  Reaper  
  46  7:24  Reaper  
  46  7:25  Reaper  
  44  7:53  Widow Mine  
  46  8:03  Supply Depot  
  46  8:04  Supply Depot  
  46  8:05  Supply Depot  
  46  8:25  Widow Mine x3  
  52  8:36  Marine x2, SCV x2  
  25  9:18  SCV  
  25  9:19  Widow Mine  
  25  9:20  Widow Mine  
  25  9:21  Hellion  
  34  9:31  SCV  
Show
View Real Time Build Order
Export as new Build Order

Throwfordays Protoss 

Build Orders:  

Get SALT Encoding   

  12  0:01  Probe  
  13  0:13  Probe  
  14  0:18  Pylon  
  14  0:25  Probe  
  15  0:37  Gateway, Probe  
  16  0:49  Probe  
  17  0:52  Assimilator  
  17  1:01  Probe  
  18  1:13  Probe  
  19  1:25  Cybernetics Core  
  19  1:27  Zealot  
  19  1:31  Probe  
  21  1:34  Assimilator  
  21  1:39  Probe  
  22  1:41  Warp Gate  
  22  1:42  Gateway  
  23  1:55  Pylon  
  23  2:13  Adept, Probe  
  26  2:16  Pylon  
  26  2:25  Probe  
  27  2:30  Stalker  
  29  2:46  Adept  
  31  3:07  Adept  
  33  3:14  Gateway  
  33  3:16  Gateway  
  33  3:18  Pylon  
  33  3:19  Twilight Council  
  33  4:02  Nexus  
  33  4:04  Pylon  
  33  4:23  Templar Archives, Resonating Glaives  
  33  4:24  Adept x2  
  33  4:25  Adept x2  
  41  4:46  Probe  
  42  4:58  Probe  
  43  5:10  Probe  
  38  5:22  Probe  
  38  5:24  Probe  
  40  5:32  Psionic Storm, Probe  
  40  5:34  Probe  
  41  5:42  Probe  
  43  5:52  Pylon  
  43  5:54  Probe  
  44  6:05  Nexus  
  44  6:06  Probe  
  44  6:07  Assimilator  
  44  6:10  Stalker x2  
  49  6:12  Assimilator  
  49  6:16  Pylon, Probe  
  49  6:17  Stalker  
  51  6:19  Stalker  
  51  6:24  Probe  
  55  6:33  Probe  
  55  6:38  Stalker x2  
  39  7:17  Stalker x2  
  39  7:18  Stalker x2  
  39  7:19  Probe  
  46  7:31  Probe  
  46  7:33  Gateway  
  46  7:34  Gateway  
  46  7:36  Gateway  
  47  7:38  Probe  
  47  7:41  Assimilator  
  47  7:43  Probe  
  49  7:46  Assimilator, Probe  
  49  7:50  Probe  
  51  7:55  Probe  
  51  7:56  Probe  
  53  8:02  Probe  
  54  8:08  Probe x2  
  54  8:10  Adept x4  
  64  8:14  Probe  
  57  8:20  Probe x2  
  57  8:26  Probe  
  52  8:31  High Templar  
  52  8:32  High Templar x3  
  42  9:08  High Templar x3  
  48  9:10  Zealot  
  48  9:35  Zealot  
  48  9:44  Archon  
  39  9:47  Zealot  
  39  9:48  Zealot  
Show
View Real Time Build Order
Export as new Build Order

Nystagmus Zerg - Winner!

Build Orders: Hatch First, Roach Hydra 

Get SALT Encoding   

  12  0:01  Drone  
  13  0:13  Overlord  
  13  0:18  Drone  
  14  0:31  Drone x2  
  16  0:36  Drone  
  17  0:56  Hatchery, Drone  
  17  1:00  Drone  
  17  1:03  Extractor  
  17  1:17  Spawning Pool  
  17  1:18  Drone  
  17  1:22  Drone  
  18  1:39  Drone  
  19  1:40  Overlord  
  19  2:04  Metabolic Boost  
  19  2:05  Queen  
  19  2:07  Zergling x4  
  23  2:08  Queen  
  23  2:11  Zergling x2  
  23  2:15  Drone  
  27  2:20  Drone  
  28  2:23  Drone  
  28  2:29  Drone  
  30  2:35  Drone  
  31  2:47  Queen  
  33  2:57  Hatchery  
  32  3:01  Overlord  
  32  3:04  Drone  
  32  3:05  Drone  
  34  3:08  Drone  
  34  3:11  Drone  
  36  3:17  Overlord  
  36  3:25  Drone x4  
  39  3:38  Roach Warren  
  38  3:43  Extractor  
  38  3:45  Evolution Chamber  
  38  3:46  Drone x2  
  38  3:48  Evolution Chamber  
  36  4:06  Drone x5  
  36  4:07  Drone  
  41  4:12  Zerg Missile Weapons Level 1  
  41  4:13  Lair  
  41  4:15  Zerg Ground Armor Level 1  
  41  4:27  Queen  
  43  4:32  Drone x4  
  51  4:45  Roach x2  
  51  4:46  Roach x3  
  51  4:49  Overlord  
  51  4:51  Extractor  
  56  4:54  Spore Crawler  
  56  4:57  Drone x2  
  56  4:58  Drone  
  58  5:17  Roach x4  
  66  5:22  Overlord x2  
  66  5:28  Spine Crawler  
  65  5:34  Hydralisk Den  
  64  5:38  Glial Reconstitution  
  64  5:41  Roach x4  
  72  5:48  Extractor  
  72  5:49  Drone x3  
  74  5:51  Drone  
  74  5:54  Drone x3  
  74  5:55  Drone  
  79  6:31  Overlord x3  
  79  6:35  Grooved Spines, Hydralisk  
  79  6:38  Overlord, Zerg Missile Weapons Level 2  
  81  7:00  Hydralisk x2  
  81  7:01  Hydralisk x8  
  81  7:05  Zergling x2  
  81  7:06  Zergling x12  
  86  7:23  Extractor x2, Drone x3  
  86  7:24  Drone  
  86  7:25  Drone x2  
  86  7:26  Drone x3  
  91  7:32  Overseer  
  91  7:34  Overlord x2  
  91  7:39  Spore Crawler  
  90  7:48  Spine Crawler  
  90  7:50  Spine Crawler  
  90  7:51  Drone x2  
  90  7:59  Drone x4  
  90  8:04  Muscular Augments  
  94  8:14  Hydralisk x3  
  94  8:16  Roach  
  91  8:28  Infestation Pit  
  91  8:29  Spore Crawler  
  81  8:58  Roach  
  81  8:59  Zergling x4, Roach x5, Hydralisk x6  
  81  9:00  Zergling x2  
  108  9:13  Hydralisk x5  
Show
View Real Time Build Order
Export as new Build Order

SonOfMorning Zerg - Winner!

Build Orders: Pool First 

Get SALT Encoding   

  12  0:02  Drone  
  13  0:16  Overlord  
  13  0:27  Drone  
  14  0:30  Extractor, Drone  
  14  0:36  Drone  
  14  0:41  Drone  
  16  0:56  Spawning Pool  
  15  0:57  Drone  
  15  1:01  Drone  
  17  1:19  Drone  
  18  1:30  Hatchery  
  17  1:37  Drone x2  
  19  1:50  Drone  
  19  1:53  Queen  
  22  2:00  Overlord  
  22  2:08  Metabolic Boost  
  22  2:13  Extractor  
  22  2:14  Zergling x2  
  22  2:18  Spore Crawler  
  22  2:21  Drone  
  22  2:27  Drone  
  23  2:37  Drone  
  23  2:42  Lair  
  24  2:47  Drone  
  24  2:49  Zergling x2  
  26  3:06  Drone  
  26  3:11  Drone  
  26  3:12  Drone  
  29  3:13  Queen  
  29  3:17  Evolution Chamber  
  29  3:18  Zergling x2  
  29  3:19  Zergling x2  
  32  3:21  Zergling x2  
  32  3:24  Drone  
  34  3:29  Drone  
  35  3:37  Overlord  
  35  3:46  Hydralisk Den  
  35  3:47  Zerg Ground Armor Level 1  
  34  3:52  Drone  
  34  3:53  Drone  
  36  4:02  Overseer  
  36  4:12  Overlord  
  36  4:14  Zergling x4  
  36  4:15  Drone x2  
  40  4:17  Muscular Augments  
  40  4:22  Zergling x4  
  40  4:23  Drone  
  42  4:33  Drone x2  
  42  4:34  Drone  
  42  4:37  Hydralisk  
  47  4:50  Hydralisk x2  
  51  4:53  Overlord  
  51  4:55  Overlord  
  51  5:12  Hydralisk x3  
  51  5:18  Drone x4  
  53  5:22  Extractor  
  53  5:24  Extractor  
  53  5:25  Spore Crawler  
  53  5:27  Overseer  
  48  5:29  Grooved Spines  
  38  5:57  Hydralisk x2  
  38  5:58  Hydralisk x2  
  38  6:00  Drone x3  
  38  6:02  Drone x3  
  38  6:03  Zergling x4  
  54  6:12  Zerg Missile Weapons Level 1  
  55  6:32  Drone  
  55  6:33  Drone  
  56  6:44  Hydralisk x3  
  59  6:59  Hydralisk x4  
  67  7:01  Overlord  
  67  7:02  Overlord  
  67  7:10  Zergling x2, Overlord  
  67  7:11  Overlord x2  
  66  7:20  Hatchery  
  65  7:31  Drone, Hydralisk x3  
  65  7:37  Hydralisk x4  
  72  7:41  Infestation Pit  
  79  7:56  Hydralisk  
  79  7:57  Hydralisk x3  
  87  8:00  Hydralisk x3  
  91  8:26  Hydralisk x4  
  99  8:36  Zergling x2  
  99  8:37  Drone  
  99  8:38  Queen  
  99  8:40  Overlord x2  
  99  8:41  Overlord  
  103  8:42  Zergling x6  
  106  9:01  Drone x2  
Tags
 
Add a new tag
Caveats
  • Supply blocks, unpowered buildings, or Contaminate may cause inaccurate times.
  • Supply counts are checked every 10 seconds.